Map: Dreamcatcher LE

Players

Nerchio - Winner!

  • Race: Zerg Zerg
  • Spawn Location: 5:00

Bly

  • Race: Zerg Zerg
  • Spawn Location: 11:00

Event: WCS Austin 2018

VOD

Have the link to the VOD?

Description

Time

  • Played on: June 1, 2018, 5:18 p.m.
  • Length: 3:17

All games in this series

Show
View Real Time Build Order
Export as new Build Order

Nerchio Zerg - Winner!

Build Orders: Pool First 

Get SALT Encoding   

  12  0:00  Drone  
  13  0:12  Overlord  
  13  0:17  Drone  
  14  0:30  Drone x2  
  14  0:34  Drone  
  17  0:44  Extractor  
  17  0:48  Spawning Pool  
  15  0:51  Drone  
  15  0:55  Drone  
  17  1:20  Hatchery  
  17  1:22  Drone  
  17  1:34  Queen  
  17  1:39  Zergling x2  
  20  1:42  Zergling x2  
  20  1:46  Zergling x2  
  22  1:53  Spine Crawler  
  21  1:56  Zergling x2  
  16  2:17  Zergling x2  
  16  2:24  Zergling x2  
  16  2:29  Zergling x2  
  17  2:32  Zergling x2  
  17  2:36  Zergling x2  
  19  2:44  Zergling x4  
  19  2:54  Zergling x2  
  19  2:55  Zergling x2  
Show
View Real Time Build Order
Export as new Build Order

Bly Zerg 

Build Orders: Pool Only 

Get SALT Encoding   

  12  0:17  Spawning Pool  
  11  0:22  Drone  
  11  0:27  Drone  
  13  0:31  Drone  
  14  0:43  Overlord  
  14  1:05  Zergling x4  
  14  1:06  Zergling x2  
  17  1:18  Zergling x2  
  18  1:27  Zergling x2  
  19  1:38  Zergling x2  
  20  1:48  Zergling x2  
  21  2:01  Spine Crawler x2  
  16  2:11  Zergling x4  
  13  2:21  Zergling x2  
  11  2:41  Spine Crawler  
  9  2:53  Zergling x2  
Tags
 
Add a new tag
Caveats
  • Supply blocks, unpowered buildings, or Contaminate may cause inaccurate times.
  • Supply counts are checked every 10 seconds.